 Dungeon Crawl Stone Soup version 0.30-a0-726-gd89dcf765f (webtiles) character file.

Game seed: 13476567524995235502

4398 Bnni the Skirmisher (level 10, -1/77 (80) HPs)
             Began as a Formicid Hunter on Jan 29, 2023.
             Was a Priest of Okawaru.
             Slain by a troll zombie (6 damage)
             ... on level 9 of the Dungeon.
             The game lasted 00:17:27 (8238 turns).

Bnni the Skirmisher (Formicid Hunter)               Turns: 8238, Time: 00:17:28

HP:   -1/77 (80)    AC: 11    Str: 15    XL:     10   Next: 61%
MP:   22/23         EV: 14    Int: 10    God:    Okawaru [***...]
Gold: 479           SH:  0    Dex: 21    Spells: 7/15 levels left

rFire   . . .      SeeInvis +    a - +0 shortbow
rCold   . . .      Faith    +    (no shield)
rNeg    . . .      Spirit   .    C - +1 steam dragon scales
rPois   .          Reflect  .    (helmet unavailable)
rElec   .          Harm     .    (no cloak)
rCorr   .          Rampage  .    k - +0 pair of gloves
Will    +....                    (no boots)
Stlth   ++                       d - amulet of faith
HPRegen 0.32/turn                o - +4 ring of protection
MPRegen 0.18/turn                w - ring of magical power

@: lightly drained
A: permanent stasis, dig shafts and tunnels, antennae 3, four strong arms
a: Dig, Shaft Self, Renounce Religion, Heroism


You were on level 9 of the Dungeon.
You worshipped Okawaru.
Okawaru was most pleased with you.
You visited 2 branches of the dungeon, and saw 10 of its levels.

You collected 479 gold pieces.

Inventory:

Hand Weapons
 a - a +0 shortbow (weapon)
Missiles
 x - 14 poisoned darts
 y - 2 curare-tipped darts
 A - 3 throwing nets
Armour
 k - a +0 pair of gloves (worn)
 C - +1 steam dragon scales (worn)
Jewellery
 c - a ring of resist corrosion
 d - an amulet of faith (around neck)
 o - a +4 ring of protection (left hand)
 w - a ring of magical power (right hand)
Wands
 h - a wand of flame (62)
 j - a wand of paralysis (5)
 v - a wand of polymorph (8)
Scrolls
 b - a scroll of immolation
 f - 3 scrolls of enchant armour {unknown}
 g - 3 scrolls of noise {unknown}
 m - 4 scrolls of silence {unknown}
 n - 2 scrolls of enchant weapon
 q - 4 scrolls of fog {unknown}
 r - a scroll of vulnerability
 t - 3 scrolls of fear {unknown}
Potions
 e - a potion of mutation
 i - a potion of resistance
 l - a potion of curing
 p - a potion of heal wounds
 s - a potion of invisibility {unknown}
 u - a potion of cancellation {unknown}
 z - 2 potions of flight {unknown}
 B - a potion of attraction {unknown}


   Skills:
 + Level 7.7 Fighting
 * Level 10.4 Ranged Weapons
 - Level 4.0 Dodging
 - Level 1.2 Stealth
 - Level 3.0 Spellcasting
 * Level 6.0 Hexes
 - Level 3.0 Fire Magic
 + Level 4.8 Invocations


You had 7 spell levels left.
You knew the following spells:

 Your Spells              Type           Power      Damage    Failure   Level
a - Slow                  Hex            52%        N/A       2%          1
b - Inner Flame           Hex/Fire       10%        N/A       13%         3
d - Cause Fear            Hex            6%         N/A       24%         4

Your spell library contained the following spells:

 Spells                   Type           Power      Damage    Failure   Level
 Confusing Touch          Hex            13%        N/A       7%          3
 Vampiric Draining        Necr           1%         2d6       63%         3
 Discord                  Hex            6%         N/A       100%        8


Dungeon Overview and Level Annotations

Branches:
Dungeon (9/15)             Temple (1/1) D:6
   Lair: D:8-11         Orc: D:9-12

Altars:
Cheibriados
Dithmenos
Elyvilon
Fedhas
Gozag
Hepliaklqana
Kikubaaqudgha
Makhleb
Nemelex Xobeh
Okawaru
Qazlal
Ru
Sif Muna
Trog
Uskayaw
Vehumet
Wu Jian
Xom
Yredelemnul
Zin

Annotations:
Temple 2 transporters


Innate Abilities, Weirdness & Mutations

You cannot be hasted, slowed, berserked, paralysed or teleported.
You can dig through walls and to a lower floor.
You have a pair of large antennae on your head. (SInv)
Your four strong arms can wield two-handed weapons with a shield.


Message History

The troll zombie bites you! The troll zombie claws you.
The troll zombie barely misses you. The ogre zombie hits you.
You extend your mandibles.
You dig through the rock wall.
You feel drained.
You retract your mandibles.
You shoot an arrow. The arrow hits the troll zombie.
The troll zombie is severely damaged.
You shoot an arrow.
The arrow hits the troll zombie but does no damage.
The troll zombie is severely damaged.
The troll zombie closely misses you. The troll zombie claws you.
The troll zombie claws you but does no damage.
You shoot an arrow. The arrow hits the troll zombie!
The troll zombie is severely damaged.
The troll zombie closely misses you. The troll zombie barely misses you.
The troll zombie claws you.
You shoot an arrow.
The arrow barely misses the troll zombie.
The troll zombie bites you.
The troll zombie claws you but does no damage.
The troll zombie claws you!
* * * LOW HITPOINT WARNING * * *
Casting: Inner Flame (dangerous; 13% risk of failure)
Confirm with . or Enter, or press ? or * to list all spells.
Aiming: Slow (safe; 2% risk of failure)
Press: ? - help, Shift-Dir - straight line, f/p - troll zombie
Aim: a troll zombie (severely damaged, chance to affect: 56%)
The troll zombie resists with significant effort.
You shoot an arrow. The arrow hits the troll zombie!
The troll zombie is almost destroyed.
The troll zombie barely misses you. The troll zombie misses you.
The troll zombie barely misses you.
You shoot an arrow. The arrow hits the troll zombie.
The troll zombie is almost destroyed.
The troll zombie bites you!
* * * LOW HITPOINT WARNING * * *
The troll zombie claws you.
* * * LOW HITPOINT WARNING * * *
The troll zombie claws you.
You die...

...........#.###........
...........'.# #........
...........#####........
...........###..........
#####+#######..####+####
#.## ##.### #.{#Z###
#.#{#@.# ..##Z####{
##.#..### { #.###o.#
#..$Z.##{# #...{# {.
##... ## ### { { {{ {


You could see a troll zombie.

Vanquished Creatures
  Maggie (D:8)
  A troll (D:8)
  Sigmund (D:4)
  A shadow (D:9)
  3 yaks (D:8)
  A steam dragon (D:7)
  Edmund (D:6)
  An orc warrior (D:7)
  2 water moccasins
  2 ice beasts (D:7)
  A black bear (D:5)
  A sky beast (D:7)
  2 phantoms
  A necrophage (D:7)
  3 kobold brigands (D:7)
  2 bullfrogs (D:8)
  3 scorpions
  3 wights
  10 killer bees
  2 howler monkeys
  An electric eel (D:8)
  4 hounds
  A gnoll bouda (D:5)
  A jelly (D:7)
  3 orc priests
  4 iguanas
  4 orc wizards
  Ijyb (D:5)
  An ogre zombie (D:9)
  10 gnolls
  10 adders
  4 river rats (D:7)
  A shadow imp (D:7)
  A white imp (D:5)
  An ufetubus (D:5)
  2 worms
  2 dart slugs
  17 orcs
  3 bats
  9 endoplasms
  2 giant cockroaches (D:1)
  6 goblins
  5 hobgoblins
  4 jackals (D:4)
  2 quokkas
  2 ball pythons (D:4)
  2 frilled lizards
  A goblin skeleton (D:9)
  A hobgoblin skeleton (D:9)
  12 kobolds
  5 orc zombies (D:9)
  5 rats
169 creatures vanquished.

Vanquished Creatures (others)
  57 plants (D:7)
57 creatures vanquished.

Grand Total: 226 creatures vanquished

Notes
Turn   | Place    | Note
-------+----------+-------------------------------------------
     0 | D:1      | Bnni the Formicid Hunter began the quest for the Orb.
     0 | D:1      | Reached XP level 1. HP: 16/16 MP: 1/1
    85 | D:1      | Reached XP level 2. HP: 23/23 MP: 2/2
   415 | D:2      | Reached XP level 3. HP: 28/28 MP: 3/3
  1029 | D:3      | Reached XP level 4. HP: 30/35 MP: 4/4
  1035 | D:3      | Reached skill level 5 in Ranged Weapons
  1190 | D:3      | Reached XP level 5. HP: 38/41 MP: 5/5
  2081 | D:4      | Noticed Sigmund
  2088 | D:4      | Killed Sigmund
  2089 | D:4      | Reached skill level 6 in Ranged Weapons
  2089 | D:4      | Reached XP level 6. HP: 49/49 MP: 6/6
  2376 | D:4      | Reached XP level 7. HP: 55/55 MP: 7/7
  2494 | D:4      | Found a shimmering blue altar of Sif Muna.
  2494 | D:4      | Found an ornate altar of the Wu Jian Council.
  2609 | D:4      | Reached skill level 5 in Fighting
  2609 | D:4      | Reached skill level 7 in Ranged Weapons
  2840 | D:5      | Entered Level 5 of the Dungeon
  2843 | D:5      | Noticed Ijyb
  2869 | D:5      | Killed Ijyb
  3058 | D:5      | Found a bloodstained altar of Trog.
  3064 | D:5      | Found a sacrificial altar of Ru.
  3469 | D:5      | Reached XP level 8. HP: 46/63 MP: 8/8
  3677 | D:5      | Reached skill level 8 in Ranged Weapons
  3921 | D:6      | Found a staircase to the Ecumenical Temple.
  3937 | Temple   | Entered the Ecumenical Temple
  3937 | Temple   | Found a transporter.
  3937 | Temple   | Found a transporter.
  3939 | Temple   | Found a transporter.
  3939 | Temple   | Found a transporter.
  3954 | Temple   | Became a worshipper of Warmaster Okawaru
  4109 | D:6      | Found a shimmering altar of Xom.
  4500 | D:6      | Noticed Edmund
  4528 | D:6      | Killed Edmund
  4528 | D:6      | Reached * piety under Okawaru
  4529 | D:6      | Reached skill level 1 in Invocations
  4532 | D:6      | Reached XP level 9. HP: 47/71 MP: 10/10
  4644 | D:6      | Identified the +2 mace of the Skies Above {flame, Str+5}
  4700 | D:6      | Reached skill level 9 in Ranged Weapons
  4727 | D:6      | Learned a level 1 spell: Slow
  4731 | D:6      | Learned a level 3 spell: Inner Flame
  4736 | D:6      | Learned a level 4 spell: Cause Fear
  4930 | D:7      | Reached skill level 1 in Hexes
  4930 | D:7      | Reached skill level 1 in Fire Magic
  4975 | D:7      | Reached skill level 1 in Spellcasting
  5167 | D:7      | Found a snail-covered altar of Cheibriados.
  5528 | D:7      | Reached ** piety under Okawaru
  6777 | D:7      | Reached XP level 10. HP: 52/79 MP: 11/13
  7269 | D:8      | Reached *** piety under Okawaru
  7270 | D:8      | Reached skill level 10 in Ranged Weapons
  7635 | D:8      | Noticed Maggie
  7651 | D:8      | Reached skill level 5 in Hexes
  7657 | D:8      | Killed Maggie
  8238 | D:9      | Slain by a troll zombie

Illustrated notes

Levels and vault maps discovered:
D:1:      minmay_arrival_diagonal_passages, layout_rooms
D:2:      layout_loops_ring, grunt_decor_one_mirror
D:3:      layout_basic, grunt_decor_clamped, minivault_4
D:4:      layout_basic, gammafunk_temple_overflow_wave,
          minmay_stone_trees_small, uniq_sigmund
D:5:      layout_loops_ring, nicolae_overflow_hidden_temple,
          chequers_serial_rivers_micro_a, minmay_bent, uniq_ijyb
D:6:      layout_cave_pools, tgw_xom, minmay_temple_entry_tees, uniq_edmund
D:7:      wad_woods_stonehenge, layout_basic, serial_rivers,
          chequers_serial_rivers_micro_d, chequers_serial_rivers_micro_b,
          chequers_serial_rivers_room_b, chequers_serial_rivers_micro_d,
          chequers_serial_rivers_marsh
D:8:      layout_rooms, nrook_pool_corridor, uniq_maggie
D:9:      layout_roguey [special_room_bee], ashenzari_conservatory_becter,
          dpeg_lair_monsters, zombieorc1_lemuel, chequers_serial_rivers_room_b,
          uniq_psyche, uniq_gastronok, uniq_harold
Temple:   hellmonk_temple_divided_pantheon

Skill      XL: |  1  2  3  4  5  6  7  8  9 10 |
---------------+-------------------------------+-----
Fighting       | 3 4 5 6 7 |  7.7
Ranged Weapons | 5 6 7 8 9 10 | 10.4
Dodging        | 2 3 4 |  4.0
Invocations    | 1 3 4 |  4.8
Hexes          | 3 6 |  6.0
Fire Magic     | 3 |  3.0
Spellcasting   | 2 3 |  3.0
Stealth        | |  1.2

Action                     |  1- 3 |  4- 6 |  7- 9 | 10-12 || total
---------------------------+-------+-------+-------+-------++-------
   Fire: Shortbow          |    61 |    86 |   449 |   169 ||   765
  Throw: Dart              |       |       |     1 |     4 ||     5
   Cast: Slow              |       |       |     6 |     8 ||    14
         Inner Flame       |       |       |     2 |     3 ||     5
 Invoke: Heroism           |       |       |     2 |       ||     2
Ability: Dig               |       |       |     2 |     1 ||     3
  Evoke: Wand              |       |       |     4 |       ||     4
    Use: Scroll            |       |     4 |     7 |       ||    11
         Potion            |       |       |     6 |       ||     6
 Armour: Leather armour    |    12 |    10 |    20 |       ||    42
         Skin              |       |       |    15 |       ||    15
         Robe              |       |       |    57 |    15 ||    72
         Steam dragon scal |       |       |       |     8 ||     8
  Dodge: Dodged            |    10 |    27 |   203 |    80 ||   320

Table legend: (Time is in decaauts)
 A = Elapsed time spent in this place.
 B = Non-inter-level travel time spent in this place.
 C = Inter-level travel time spent in this place.
 D = Time resting spent in this place.
 E = Time spent auto-exploring this place.
 F = Levels seen in this place.
 G = Mean time per level.
                   A        B        C        D        E       F      G
               +--------+--------+--------+--------+--------+-----+--------+
         Total |   8325 |   8035 |    290 |   1274 |   5184 |  10 |  832.5 |
       Dungeon |   8288 |   7998 |    290 |   1274 |   5184 |   9 |  920.9 |
        Temple |     37 |     37 |      0 |      0 |      0 |   1 |   37.0 |
               +--------+--------+--------+--------+--------+-----+--------+

Top non-repeatable levels by time:
     D:7: 1649 daAuts
     D:8: 1289 daAuts
     D:6: 1280 daAuts
     D:5: 1110 daAuts
     D:3: 966 daAuts
     D:4: 920 daAuts
     D:2: 640 daAuts
     D:1: 356 daAuts
     D:9: 74 daAuts
  Temple: 37 daAuts
